 Dungeon Crawl Stone Soup version 0.30-a0-121-gb27577e5d9 (webtiles) character file.

Game seed: 16735749903326921314

136 IdlyInterested the Trooper (level 4, -3/35 HPs)
             Began as a Demonspawn Wanderer on Sept 14, 2022.
             Killed from afar by Ijyb (9 damage)
             ... with a bolt of light
             ... on level 3 of the Dungeon.
             The game lasted 00:09:55 (4271 turns).

IdlyInterested the Trooper (Demonspawn Wanderer)    Turns: 4271, Time: 00:09:55

Health: -3/35      AC:  8    Str:  8    XL:     4   Next: 98%
Magic:  8/8        EV: 15    Int: 16    God:
Gold:   173        SH:  0    Dex: 16    Spells: 8/8 levels left

rFire   . . .      SeeInvis .    m - +3 club (spect)
rCold   . . .      Faith    .    c - +1 buckler
rNeg    . . .      Spirit   .    x - +0 ring mail
rPois   .          Reflect  .    v - +0 helmet
rElec   .          Harm     .    (no cloak)
rCorr   .          Rampage  .    (no gloves)
Will    ++...                    (no boots)
Stlth   ..........               (no amulet)
HPRegen 0.11/turn                n - ring of willpower
MPRegen 0.11/turn                q - ring of willpower

@: confused, agile
A: slimy green scales 1, powered by pain 2
a: no special abilities


You were on level 3 of the Dungeon.
You visited 1 branch of the dungeon, and saw 3 of its levels.

You collected 173 gold pieces.

Inventory:

Hand Weapons
 a - a +0 dagger
 m - a +3 spectral club (weapon)
 p - a +0 rapier
Missiles
 b - 4 throwing nets
 h - 7 stones (quivered)
 i - 10 poisoned darts
Armour
 c - a +1 buckler (worn)
 e - a +0 leather armour
 v - a +0 helmet (worn)
 x - a +0 ring mail (worn)
Jewellery
 n - a ring of willpower (left hand)
 q - a ring of willpower (right hand)
 s - a ring of resist corrosion
Scrolls
 d - 2 scrolls of teleportation
 g - 3 scrolls of amnesia
 j - a scroll of noise {unknown}
 o - a scroll of enchant armour
Potions
 k - a potion of resistance {unknown}
 l - a potion of haste
 r - a potion of lignification
 t - a potion of cancellation


   Skills:
 + Level 3.3 Fighting
 + Level 1.9 Armour
 - Level 3.0 Dodging
 - Level 1.7 Shields
 * Level 2.7 Spellcasting
 - Level 1.0 Poison Magic
 - Level 1.0 Evocations


You had 8 spell levels left.
You didn't know any spells.
Your spell library contained the following spells:

 Spells                   Type           Power      Damage    Failure   Level
 Summon Small Mammal      Summ           8%         N/A       61%         1
 Poisonous Vapours        Pois/Air       6%         N/A       67%         2
 Cigotuvi's Dreadful Rot  Necr/Pois/Air  6%         N/A       71%         2
 Ignite Poison            Fire/Tmut/Pois 3%         N/A       90%         3
 Call Canine Familiar     Summ           2%         N/A       93%         3
 Summon Guardian Golem    Hex/Summ       2%         N/A       93%         3
 Sticky Flame             Conj/Fire      2%         2d3       100%        4


Dungeon Overview and Level Annotations

Branches:
Dungeon (3/15)

Altars:

Annotations:
D:3 Ijyb


Innate Abilities, Weirdness & Mutations

You are partially covered in slimy green scales. (AC +2)
You sometimes gain power by taking damage.


Message History

You kill the bat!
Things that are here:
a +3 spectral club; a +0 robe
m - a +3 spectral club You feel a bond with your +3 spectral club.
m - a +3 spectral club (weapon)
Found a stone staircase leading down.
Ijyb the Twisted Goblin comes into view.
She is wielding a +0 club and carrying a wand of light (8).
Ijyb shouts!
You hear a shout! x3
A jackal comes into view.
An orc priest comes into view. It is wielding a +0 trident.
Ijyb zaps a wand.
The bolt of light hits you!
A jackal comes into view.
An orc comes into view. It is wielding a +0 dagger.
The orc shouts!
Ijyb zaps a wand.
The bolt of light hits you.
An orc comes into view. It is wielding a +0 dagger.
You hit Ijyb.
Ijyb is lightly wounded.
Your +3 spectral club hits Ijyb!
The jackal closely misses you.
Ijyb zaps a wand.
The bolt of light hits you!
* * * LOW HITPOINT WARNING * * *
You focus on the pain.
You feel agile all of a sudden.
An orc wizard comes into view. It is wielding a +0 dagger.
The orc enters a dispersal trap!
The orc blinks!
The orc priest blinks!
The orc blinks!
The orc wizard blinks!
The jackal blinks!
You blink.
The orc wizard moves out of view.
You are confused.
You feel invigorated.
Ijyb zaps a wand.
The bolt of light misses you.
Ijyb drinks a potion.
Ijyb seems to speed up.
You feel less invigorated.
You feel less confused.
Ijyb zaps a wand.
The bolt of light hits you.
You are confused.
Ijyb screams, "Me very upset!"
Ijyb zaps a wand.
The bolt of light hits you!
* * * LOW HITPOINT WARNING * * *
Ijyb zaps a wand.
The bolt of light hits you!
You die...

#.# ###..#####
##....# ##.####...##
######....##
........####..
.......#..##
##...........#
#####....#
....##.#######
#######.##.# ##.###.#
####.......##.# #.#
#.# ##....########.#
#.. #.## ###..####
... ##. #...#
#.g@#####.>. ###
.####..####.h.......#
.....?.....#########
...###..#### #..§#
#.#..# h. #..# ## ..#
.... .######.## o§..#


You could see Ijyb (fast) and a jackal.

Vanquished Creatures
  Jessica (D:3)
  Terence (D:3)
  3 adders (D:2)
  2 worms (D:2)
  3 dart slugs
  5 ball pythons (D:1)
  6 bats
  4 endoplasms (D:1)
  4 giant cockroaches
  A goblin (D:1)
  6 hobgoblins
  2 quokkas
  A frilled lizard (D:1)
  2 kobolds (D:1)
  7 rats
  A bush (D:2)
49 creatures vanquished.

Vanquished Creatures (others)
  3 plants (D:2)
3 creatures vanquished.

Grand Total: 52 creatures vanquished

Notes
Turn   | Place    | Note
-------+----------+-------------------------------------------
     0 | D:1      | IdlyInterested the Demonspawn Wanderer began the quest for
                  | the Orb.
     0 | D:1      | IdlyInterested set off with the following items: a +0
                  | dagger, 4 throwing nets, a +0 buckler, a scroll of
                  | teleportation, a +0 leather armour; and the following
                  | spells available to memorise: Poisonous Vapours, Cigotuvi's
                  | Dreadful Rot.
     0 | D:1      | Reached XP level 1. HP: 15/15 MP: 3/3
   101 | D:1      | Found a faded altar of an unknown god.
   224 | D:1      | Gained mutation: You sometimes gain a little power by
                  | taking damage. [demonic ancestry]
   224 | D:1      | Reached XP level 2. HP: 17/22 MP: 5/5
   915 | D:1      | Gained mutation: You sometimes gain power by taking damage.
                  | [demonic ancestry]
   915 | D:1      | Reached XP level 3. HP: 28/28 MP: 6/6
  1718 | D:2      | Reached skill level 1 in Armour
  2666 | D:2      | Gained mutation: You are partially covered in slimy green
                  | scales. (AC +2) [demonic ancestry]
  2666 | D:2      | Reached XP level 4. HP: 19/35 MP: 7/7
  3703 | D:3      | Noticed Terence
  3726 | D:3      | Killed Terence
  4217 | D:3      | Noticed Jessica
  4220 | D:3      | Killed Jessica
  4260 | D:3      | Noticed Ijyb
  4271 | D:3      | Killed from afar by Ijyb

Illustrated notes

Levels and vault maps discovered:
D:1:      roderic_octagonal_star, layout_loops_ring,
          ebering_ecumenical_altar_petrified, st_stairs_14
D:2:      layout_loops_ring, serial_forest, infiniplex_forest_clump_curved,
          infiniplex_forest_zigzag_2, infiniplex_forest_zigzag_1,
          infiniplex_forest_lined_room_, infiniplex_forest_lined_4_way,
          infiniplex_forest_join, infiniplex_forest_end_3
D:3:      layout_rooms, uniq_jessica, uniq_terence, uniq_ijyb

Skill      XL: |  1  2  3 |
---------------+----------+-----
Fighting       | 2 3 |  3.3
Dodging        | 3 |  3.0
Armour         | 1 |  1.9
Shields        | |  1.7
Spellcasting   | |  2.7
Poison Magic   | |  1.0
Evocations     | |  1.0

Action                   |  1- 3 |  4- 6 || total
-------------------------+-------+-------++-------
Melee: Dagger            |    82 |       ||    82
       Short sword       |    24 |       ||    24
       Rapier            |    76 |   206 ||   282
       Club              |       |     1 ||     1
Throw: Stone             |     1 |       ||     1
  Use: Scroll            |       |     7 ||     7
       Potion            |       |     3 ||     3
 Stab: Sleeping          |     4 |       ||     4
Armor: Leather armour    |    47 |       ||    47
       Ring mail         |       |     2 ||     2
Dodge: Dodged            |   105 |    25 ||   130
Block: Buckler           |    34 |     7 ||    41

Table legend: (Time is in decaauts)
 A = Elapsed time spent in this place.
 B = Non-inter-level travel time spent in this place.
 C = Inter-level travel time spent in this place.
 D = Time resting spent in this place.
 E = Time spent auto-exploring this place.
 F = Levels seen in this place.
 G = Mean time per level.
                   A        B        C        D        E       F      G
               +--------+--------+--------+--------+--------+-----+--------+
         Total |   4343 |   3772 |    571 |   1092 |   1864 |   3 | 1447.7 |
       Dungeon |   4343 |   3772 |    571 |   1092 |   1864 |   3 | 1447.7 |
               +--------+--------+--------+--------+--------+-----+--------+

Top non-repeatable levels by time:
     D:2: 2399 daAuts
     D:1: 1340 daAuts
     D:3: 602 daAuts
